 Dungeon Crawl Stone Soup version 0.31-a0-1093-gadecf4124d (webtiles) character file.

Game seed: 16343592010993753891

48 Ivernyr the Shield-Bearer (level 4, 37/37 HPs)
             Began as a Formicid Fighter on Nov 29, 2023.
             Got out of the dungeon alive.
             The game lasted 00:02:28 (1774 turns).

Ivernyr the Shield-Bearer (Formicid Fighter)        Turns: 1774, Time: 00:02:28

Health: 37/37      AC:  8    Str: 22    XL:     4   Next: 0%
Magic:  4/4        EV:  9    Int:  8    God:
Gold:   140        SH:  5    Dex: 13    Spells: 3/3 levels left

rFire   . . .        a - +0 quarterstaff
rCold   . . .        c - +0 buckler
rNeg    . . .        b - +0 scale mail
rPois   .            (helmet unavailable)
rElec   .            h - +0 cloak
rCorr   .            (no gloves)
SInv    +            (no boots)
Will    .....        (no amulet) Stlth
                     (no ring)
HPRegen 0.26/turn    (no ring)
MPRegen 0.09/turn

%: no passive effects
@: no status effects
A: permanent stasis, dig shafts and tunnels, antennae 3, four strong arms
a: Dig, Shaft Self


You escaped.
You visited 1 branch of the dungeon, and saw 2 of its levels.

You collected 140 gold pieces.

Inventory:

Hand Weapons
 a - a +0 quarterstaff (weapon)
Armour
 b - a +0 scale mail (worn)
 c - a +0 buckler (worn)
 h - a +0 cloak (worn)
Scrolls
 e - a scroll of identify {unknown}
 f - 2 scrolls of poison {unknown}
 k - a scroll of blinking {unknown}
 l - a scroll of acquirement {unknown}
Potions
 d - a potion of might
 g - a potion of attraction {unknown}
 i - a potion of curing {unknown}
 j - a potion of ambrosia {unknown}


   Skills:
 + Level 3.6 Fighting
 * Level 2.9 Staves
 + Level 3.7 Armour
 + Level 4.5 Shields


You had 3 spell levels left.
You didn't know any spells.
Your spell library was empty.

Dungeon Overview and Level Annotations

Branches:
Dungeon (2/15)

Altars:

Shops:
D:2 [


Innate Abilities, Weirdness & Mutations

You cannot be hasted, slowed, berserked, paralysed or teleported.
You can dig through walls and to a lower floor.
You have a pair of large antennae on your head. (SInv)
Your four strong arms can wield two-handed weapons with a shield.


Message History

You kill the endoplasm!
You open the door.
There is an open door here.
There is an escape hatch in the ceiling here.
There is a stone staircase leading up here.
There is a stone staircase leading down here.
There is an open door here.
You open the door.
A goblin comes into view. It is wielding a +0 club.
The goblin shouts!
There is an open door here.
A goblin is nearby!
A goblin is nearby!
You thump the goblin!
You kill the goblin!
You have reached level 4!
You feel clever. As you open the door, it creaks loudly!
Found 2 stones.
Found a hand axe.
You see here a +0 hand axe.
You see here 2 stones.
l - a scroll labelled TUPIAV QAMYAKU
There is an open door here.
There is an open door here.
Done exploring.
Done exploring.
Done exploring.
What level of the Dungeon? (default 2, ? - help)
There is an open door here.
There is an open door here.
There is a stone staircase leading up here.
You climb upwards.
There is a stone staircase leading down here.
There is an open door here.
You see here a +0 short sword.
You enter the shallow water.
Moving in this stuff is going to be slow.
There is a staircase leading out of the dungeon here.
You have escaped!

### #...# ### ####|#. #.#####[#.#
##.###.##.#†
##....##########...##).#.#.
##............##..#..†..#.#. ###
#..#......~~~......######.#.
..####.###...≈~≈~.~~.~~...####.#.
#.##..##...~~~≈~.~≈≈≈≈~..#..##.#.
.......#..~~≈≈~.~.~~≈≈~...####.#.
..#######..~≈~..@..≈≈≈..##.###.#.
#)## ##....~~~~...≈≈≈~~~.##.##.#.
#..# #.~~~..~≈~~.~≈≈.~~~..#..#.#.
#..# #~~≈≈..~~~.~≈≈~~.....##...#.
#..# #..~~~~.~..~≈~..##....#...#.
#..###...~~...........#.†###.#.#.
#...####....)###.###.#.#..####.#.
##....#####~##.).# #######...#.#.
##.......########## ######'#.


There were no monsters in sight!

Vanquished Creatures
  An adder (D:2)
  2 worms (D:2)
  A dart slug (D:1)
  2 bats (D:1)
  3 endoplasms
  A giant cockroach (D:2)
  6 goblins
  3 hobgoblins (D:1)
  A quokka (D:1)
  3 ball pythons
  A frilled lizard (D:2)
  A kobold (D:2)
  6 rats (D:1)
31 creatures vanquished.

Notes
Turn   | Place    | Note
-------+----------+-------------------------------------------
     0 | D:1      | Ivernyr the Formicid Fighter began the quest for the Orb.
     0 | D:1      | Reached XP level 1. HP: 18/18 MP: 1/1
   170 | D:1      | Reached XP level 2. HP: 22/24 MP: 2/2
   987 | D:1      | Reached XP level 3. HP: 29/29 MP: 3/3
  1055 | D:2      | Found Fuestuth's Armour Shoppe.
  1583 | D:2      | Reached XP level 4. HP: 37/37 MP: 4/4
  1774 | D:$      | Got out of the dungeon alive.

Illustrated notes

Levels and vault maps discovered:
D:1:      dpeg_arrival_subterranean_lakeside_camping, layout_basic
D:2:      layout_basic, serial_shops, shop_statue

Action                     |  1- 3 |  4- 6 || total
---------------------------+-------+-------++-------
  Melee: Quarterstaff      |    82 |       ||    82
 Armour: Scale mail        |    48 |       ||    48
  Dodge: Dodged            |    33 |       ||    33
  Block: Buckler           |    23 |       ||    23

Table legend: (Time is in decaauts)
 A = Elapsed time spent in this place.
 B = Non-inter-level travel time spent in this place.
 C = Inter-level travel time spent in this place.
 D = Time resting spent in this place.
 E = Time spent auto-exploring this place.
 F = Levels seen in this place.
 G = Mean time per level.
                   A        B        C        D        E       F      G
               +--------+--------+--------+--------+--------+-----+--------+
         Total |   1794 |   1680 |    114 |      0 |   1409 |   2 |  897.0 |
       Dungeon |   1794 |   1680 |    114 |      0 |   1409 |   2 |  897.0 |
               +--------+--------+--------+--------+--------+-----+--------+

Top non-repeatable levels by time:
     D:1: 1090 daAuts
     D:2: 704 daAuts
